 Dungeon Crawl Stone Soup version 0.30-a0-799-g109b55a442 (webtiles) character file.

Game seed: 12254522673347898971

49 PLAYERX the Charlatan (level 3, -1/31 HPs)
             Began as a Gnoll Wanderer on Feb 20, 2023.
             Slain by Sigmund
             ... wielding a +0 scythe
              (9 damage)
             ... on level 2 of the Dungeon.
             The game lasted 00:08:16 (1850 turns).

PLAYERX the Charlatan (Gnoll Wanderer)              Turns: 1850, Time: 00:08:17

Health: -1/31      AC:  6    Str: 12    XL:     3   Next: 77%
Magic:  7/7        EV:  9    Int: 12    God:
Gold:   64         SH:  0    Dex: 11    Spells: 7/7 levels left

rFire   . . .      SeeInvis .    a - +0 quarterstaff
rCold   . . .      Faith    .    (shield currently unavailable)
rNeg    . . .      Spirit   .    b - +0 scale mail
rPois   .          Reflect  .    (no helmet)
rElec   .          Harm     .    (no cloak)
rCorr   .          Rampage  .    (no gloves)
Will    .....                    (no boots)
Stlth   +                        (no amulet)
HPRegen 0.25/turn                (no ring)
MPRegen 0.10/turn                (no ring)

@: no status effects
A: fangs 1, strong nose, distributed training
a: no special abilities


You were on level 2 of the Dungeon.
You visited 1 branch of the dungeon, and saw 2 of its levels.

You collected 64 gold pieces.

Inventory:

Hand Weapons
 a - a +0 quarterstaff (weapon)
Armour
 b - a +0 scale mail (worn)
Scrolls
 d - a scroll of enchant weapon {unknown}
 f - a scroll of summoning {unknown}
 g - a scroll of torment {unknown}
 h - a scroll of identify {unknown}
 m - a scroll of immolation {unknown}
Potions
 c - 3 potions of lignification
 e - a potion of curing {unknown}
 i - a potion of degeneration {unknown}
 j - a potion of might {unknown}
 k - a potion of mutation {unknown}
 l - a potion of heal wounds {unknown}
 n - a potion of flight {unknown}


   Skills:
 + Level 4.6 Fighting
 + Level 1.0 Short Blades
 + Level 1.0 Long Blades
 + Level 1.0 Axes
 + Level 1.0 Maces & Flails
 + Level 1.0 Polearms
 + Level 1.0 Staves
 + Level 1.0 Ranged Weapons
 + Level 1.0 Throwing
 + Level 2.6 Armour
 + Level 2.6 Dodging
 + Level 2.4 Stealth
 + Level 1.0 Shields
 + Level 1.0 Unarmed Combat
 + Level 2.9 Spellcasting
 + Level 0.7 Conjurations
 + Level 0.7 Hexes
 + Level 0.7 Summonings
 + Level 3.8 Necromancy
 + Level 0.7 Translocations
 + Level 0.7 Transmutations
 + Level 0.7 Fire Magic
 + Level 0.7 Ice Magic
 + Level 0.7 Air Magic
 + Level 0.7 Earth Magic
 + Level 0.7 Poison Magic
 + Level 1.0 Invocations
 + Level 4.6 Evocations


You had 7 spell levels left.
You didn't know any spells.
Your spell library contained the following spells:

 Spells                   Type           Power      Damage    Failure   Level
 Necrotise                Necr           40%        1d6       26%         1
 Sublimation of Blood     Necr           10%        N/A       36%         2
 Kiss of Death            Conj/Necr      28%        2d7       45%         1
 Ignite Poison            Fire/Tmut/Pois 3%         N/A       95%         3
 Kindle Blastsparks       Fire/Tloc/Air  6%         2d10      95%         3
 Freezing Cloud           Conj/Ice/Air   1%         6-21      100%        5


Dungeon Overview and Level Annotations

Branches:
Dungeon (2/15)

Altars:

Annotations:
D:2 Sigmund


Innate Abilities, Weirdness & Mutations

You have very sharp teeth.
Your uncanny sense of smell can sniff out nearby items.
Your experience applies equally to all skills.


Message History

An endoplasm comes into view.
The endoplasm quivers.
Sigmund closely misses you. The giant cockroach barely misses you.
Sigmund points at you and mumbles some strange words.
You are more confused.
You hit the giant cockroach.
The giant cockroach is severely wounded.
The giant cockroach bites you but does no damage.
Sigmund's eyes start glowing with a red light.
Sigmund closely misses you.
The giant cockroach bites you but does no damage.
The giant cockroach attacks as you move away!
The giant cockroach barely misses you.
Sigmund casts a spell.
Sigmund flickers and vanishes!
Deactivating autopickup; reactivate with Ctrl-A.
The giant cockroach barely misses you.
You miss something. Something hits you but does no damage.
The giant cockroach bites you but does no damage.
The giant cockroach bites you but does no damage.
Something hits you. The giant cockroach misses you.
You hear some strange, mumbled words.
A magic dart appears from out of thin air!
The magic dart hits you!
You miss something.
The giant cockroach bites you but does no damage. x2
Something hits you!
You thump something! The giant cockroach misses you.
You miss something.
You feel less confused. The giant cockroach closely misses you.
You hear some strange, mumbled words.
A magic dart appears from out of thin air!
The magic dart hits you.
* * * LOW HITPOINT WARNING * * *
The giant cockroach bites you but does no damage.
Something hits you!
You die...

#..# .###...#.#
..#.#.#.#
..$.....##
##...#.#...
....)....
#.#...# #@{J..#
# ##.B#..#.#
#........# ##
#.###.#...# ..
... ##.# ... .#
...## #..#
.#...###..#
....####..##...
...#.# ...
#......#..#
...# ∆...
#.##.#.#..# #.#


You could see an endoplasm and a giant cockroach.

Vanquished Creatures
  An adder (D:2)
  2 dart slugs (D:1)
  3 bats
  2 endoplasms (D:1)
  3 giant cockroaches (D:1)
  2 hobgoblins (D:1)
  2 quokkas (D:1)
  5 ball pythons
  3 frilled lizards (D:1)
  7 goblins
  3 kobolds
  A rat (D:1)
34 creatures vanquished.

Notes
Turn   | Place    | Note
-------+----------+-------------------------------------------
     0 | D:1      | PLAYERX the Gnoll Wanderer began the quest for the Orb.
     0 | D:1      | PLAYERX set off with the following items: a +0 dagger, a +0
                  | scale mail, 2 potions of lignification; and the following
                  | spells available to memorise: Necrotise, Sublimation of
                  | Blood, Kiss of Death.
     0 | D:1      | Reached XP level 1. HP: 20/20 MP: 4/4
   349 | D:1      | Reached XP level 2. HP: 12/26 MP: 5/5
  1179 | D:1      | Reached XP level 3. HP: 27/31 MP: 7/7
  1558 | D:2      | Reached skill level 1 in Invocations
  1753 | D:2      | Reached skill level 1 in Short Blades
  1753 | D:2      | Reached skill level 1 in Long Blades
  1753 | D:2      | Reached skill level 1 in Axes
  1753 | D:2      | Reached skill level 1 in Maces & Flails
  1753 | D:2      | Reached skill level 1 in Polearms
  1753 | D:2      | Reached skill level 1 in Staves
  1753 | D:2      | Reached skill level 1 in Ranged Weapons
  1753 | D:2      | Reached skill level 1 in Throwing
  1753 | D:2      | Reached skill level 1 in Shields
  1753 | D:2      | Reached skill level 1 in Unarmed Combat
  1837 | D:2      | Noticed Sigmund
  1850 | D:2      | Slain by Sigmund

Illustrated notes

Levels and vault maps discovered:
D:1:      dpeg_arrival_rhombi, layout_basic
D:2:      layout_rooms, kennysheep_potato, uniq_crazy_yiuf_cottage, uniq_sigmund

Skill      XL: |  1  2  3 |
---------------+----------+-----
Invocations    | 1 |  1.0
Short Blades   | 1 |  1.0
Long Blades    | 1 |  1.0
Axes           | 1 |  1.0
Maces & Flails | 1 |  1.0
Polearms       | 1 |  1.0
Staves         | 1 |  1.0
Ranged Weapons | 1 |  1.0
Throwing       | 1 |  1.0
Shields        | 1 |  1.0
Unarmed Combat | 1 |  1.0
Fighting       | |  4.6
Armour         | |  2.6
Dodging        | |  2.6
Stealth        | |  2.4
Spellcasting   | |  2.9
Conjurations   | |  0.7
Hexes          | |  0.7
Summonings     | |  0.7
Necromancy     | |  3.8
Translocations | |  0.7
Transmutations | |  0.7
Fire Magic     | |  0.7
Ice Magic      | |  0.7
Air Magic      | |  0.7
Earth Magic    | |  0.7
Poison Magic   | |  0.7
Evocations     | |  4.6

Action                     || total
---------------------------++-------
  Melee: Dagger            ||    57
         Bite              ||     9
         Quarterstaff      ||    63
 Armour: Scale mail        ||    99
  Dodge: Dodged            ||    89

Table legend: (Time is in decaauts)
 A = Elapsed time spent in this place.
 B = Non-inter-level travel time spent in this place.
 C = Inter-level travel time spent in this place.
 D = Time resting spent in this place.
 E = Time spent auto-exploring this place.
 F = Levels seen in this place.
 G = Mean time per level.
                   A        B        C        D        E       F      G
               +--------+--------+--------+--------+--------+-----+--------+
         Total |   1866 |   1866 |      0 |    140 |    593 |   2 |  933.0 |
       Dungeon |   1866 |   1866 |      0 |    140 |    593 |   2 |  933.0 |
               +--------+--------+--------+--------+--------+-----+--------+

Top non-repeatable levels by time:
     D:1: 1518 daAuts
     D:2: 348 daAuts
